 Dungeon Crawl Stone Soup version 0.24-a0-518-g9d8d8d5b78 (webtiles) character file.

Game seed: 11756615590085518912

216 Gynju the Conjurer (level 5, -15/38 HPs)
             Began as a Draconian Conjurer on July 23, 2019.
             Demolished by an ogre
             ... wielding a +0 giant spiked club
              (18 damage)
             ... on level 4 of the Dungeon.
             The game lasted 00:11:21 (5345 turns).

Gynju the Conjurer (Draconian Conjurer)             Turns: 5345, Time: 00:11:22

Health: -15/38     AC:  5    Str: 11    XL:     5   Next: 61%
Magic:  0/11       EV: 12    Int: 16    God:
Gold:   159        SH:  0    Dex: 11    Spells: 6/12 levels left

rFire    . . .     SeeInvis +   g - +3 flail (crush)
rCold    . . .     Gourm    .   (no shield)
rNeg     . . .     Faith    .   (armour unavailable)
rPois    .         Spirit   .   (helmet restricted)
rElec    .         Reflect  .   (no cloak)
rCorr    .         Harm     .   (no gloves)
MR       .....                  (no boots)
Stlth    ++........             (no amulet)
HPRegen  0.12/turn              a - ring of see invisible
MPRegen  0.12/turn              (no ring)

@: very slightly contaminated
A: unfitting armour, cold-blooded, AC +5
a: no special abilities


You were on level 4 of the Dungeon.
You were very hungry.

You visited 1 branch of the dungeon, and saw 4 of its levels.
You also visited: Sewer.

You collected 159 gold pieces.

Inventory:

Hand Weapons
 g - a +3 flail of crushing (weapon)
 q - a +0 short sword
Missiles
 f - 109 stones (quivered)
Jewellery
 a - a ring of see invisible (left hand)
 k - an uncursed amulet of guardian spirit {unknown}
Scrolls
 j - a scroll of magic mapping {unknown}
 l - 5 scrolls of teleportation {unknown}
 m - 2 scrolls of fog {unknown}
 n - a scroll of immolation {unknown}
 o - 2 scrolls of identify {unknown}
 p - 3 scrolls of blinking {unknown}
 s - a scroll of enchant armour {unknown}
Potions
 c - 2 potions of agility {unknown}
 d - a potion of heal wounds {unknown}
 e - 3 potions of curing
 h - a potion of haste {unknown}
 i - 3 potions of magic {unknown}
 t - a potion of resistance {unknown}
Comestibles
 b - 8 rations


   Skills:
 - Level 1.7 Dodging
 - Level 1.7 Stealth
 + Level 4.1 Spellcasting
 + Level 5.6 Conjurations
 + Level 0.0 Hexes


You had 6 spell levels left.
You knew the following spells:

 Your Spells              Type           Power        Failure   Level  Hunger
a - Magic Dart            Conj           ###.         1%          1    None
b - Dazzling Spray        Conj/Hex       ##....       16%         3    ###....
c - Searing Ray           Conj           ###...       2%          2    ##.....

Your spell library contained the following spells:

 Spells                   Type           Power        Failure   Level  Hunger
 Iskenderun's Mystic Bla  Conj           ###.....     16%         4    ####...
 Force Lance              Conj/Tloc      ##......     45%         4    ####...
 Fulminant Prism          Conj/Hex       ##........   45%         4    ####...


Dungeon Overview and Level Annotations

Branches:
Dungeon (4/15)
 Temple: D:4-7

Altars:
Kikubaaqudgha
Uskayaw


Innate Abilities, Weirdness & Mutations

Your plain brown scales are hard. (AC +5)
You cannot fit into any form of body armour.
You are cold-blooded and may be slowed by cold attacks.


Message History

The ogre is severely wounded.
The ogre hits you with a +0 giant spiked club!!
* * * LOW HITPOINT WARNING * * *
A hound comes into view.
You barely miss the ogre.
The ogre is severely wounded.
The ogre completely misses you.
Casting: Magic Dart (safe; 1% risk of failure)
Confirm with . or Enter, or press ? or * to list all spells.
Aiming: Magic Dart (safe; 1% risk of failure)
Press: ? - help, Shift-Dir - straight line, f/p - ogre
Aim: an ogre, wielding a +0 giant spiked club (severely wounded)
The magic dart hits the ogre.
The ogre is almost dead.
The ogre barely misses you.
You barely miss the ogre.
You tail-slap the ogre, but do no damage.
The ogre is almost dead.
The ogre hits you with a +0 giant spiked club!!
You die...

..... ..... .
...... ..
......
...######.h....
...............
...............
#....@.......
#....O.######
#......+
#......#
#......#
#......#
#......#
#......#


You could see an ogre and a hound.

Vanquished Creatures
  An orc wizard (D:3)
  7 adders
  An ooze (D:3)
  3 dart slugs
  A worm (D:3)
  4 leopard geckos
  4 orcs (D:3)
  9 giant cockroaches
  7 goblins
  9 hobgoblins
  17 jackals
  10 kobolds
  2 quokkas (D:3)
  4 ball pythons
  6 bats
  4 frilled lizards
  4 rats
  A plant (Sewer)
94 creatures vanquished.

Vanquished Creatures (others)
  A human (D:2)
1 creature vanquished.

Grand Total: 95 creatures vanquished

Notes
Turn   | Place    | Note
-------+----------+-------------------------------------------
     0 | D:1      | Gynju the Draconian Conjurer began the quest for the Orb.
     0 | D:1      | Reached XP level 1. HP: 14/14 MP: 3/3
   269 | D:1      | Reached XP level 2. HP: 8/20 MP: 0/5
  1436 | D:2      | Reached XP level 3. HP: 26/26 MP: 2/7
  1692 | D:2      | Found an ancient bone altar of Kikubaaqudgha.
  1693 | D:2      | Noticed a human
  1696 | D:2      | Killed a human
  1802 | D:2      | Noticed a +0 dagger
  1803 | D:2      | Noticed a +0 dagger
  1815 | D:2      | Found a hide-covered altar of Uskayaw.
  2405 | D:3      | Found a glowing drain.
  2463 | Sewer    | Entered a sewer
  2834 | Sewer    | Reached XP level 4. HP: 32/33 MP: 1/8
  3002 | Sewer    | Reached skill level 5 in Conjurations
  3393 | Sewer    | Learned a level 3 spell: Dazzling Spray
  3521 | Sewer    | Learned a level 2 spell: Searing Ray
  4040 | D:3      | Reached XP level 5. HP: 34/38 MP: 4/10
  5332 | D:4      | Noticed an ogre
  5345 | D:4      | Demolished by an ogre

Levels and vault maps discovered:
D:1:      erik_arrival_blinker_ship, layout_basic
D:2:      layout_loops_corners, dancing_weapons_uskayaw, tgw_kikubaaqudgha
D:3:      minmay_diamond_boxcup, layout_basic, portal_sewer_entry_f,
          minmay_pentangle
D:4:      layout_gridville, first_ration

Skill      XL: |  1  2  3  4  5 |
---------------+----------------+-----
Spellcasting   | 3 4 |  4.1
Conjurations   | 5 |  5.6
Dodging        | |  1.7
Stealth        | |  1.7

Action                   |  1- 3 |  4- 6 || total
-------------------------+-------+-------++-------
Melee: Unarmed           |    37 |       ||    37
       Tailslap          |    14 |     1 ||    15
       Dagger            |    95 |     3 ||    98
       Flail             |       |    10 ||    10
       Short sword       |       |     2 ||     2
 Cast: Magic Dart        |    86 |   128 ||   214
       Dazzling Spray    |       |     2 ||     2
  Use: Scroll            |     2 |       ||     2
  Eat: Chunk             |     7 |     7 ||    14
Armor: Skin              |    45 |    14 ||    59
Dodge: Dodged            |    84 |    44 ||   128

Table legend:
 A = Non-vault XP
 B = Vault XP
 C = Vault XP percentage of total XP
 D = Non-vault monster count
 E = Vault monster count
 F = Vault count percentage of total count
                 A         B        C        D         E       F
            +---------+---------+-------+---------+---------+-------
      Total |     153 |     156 |  50.5 |      53 |      40 |  43.0
            +---------+---------+-------+---------+---------+-------
        D:1 |      37 |       0 |   0.0 |      18 |       0 |   0.0
        D:2 |      25 |       0 |   0.0 |      13 |       0 |   0.0
        D:3 |      91 |      53 |  36.8 |      22 |      21 |  48.8
      Sewer |       0 |     103 | 100.0 |       0 |      19 | 100.0
            +---------+---------+-------+---------+---------+-------
